Montreal Canadiens vs Philadelphia Flyers

Created - mardi 19 mars 2019 at 19:00

Goals
1 2 3 T
Montreal Canadiens 0 0 0 0
Philadelphia Flyers 0 0 3 3
Shots
1 2 3 T
Montreal Canadiens 11 3 8 22
Philadelphia Flyers 7 5 9 21

1st period

No Goal

Penalties :
No Penalty

2nd period

No Goal

Penalties :
Jakub Voracek (PHI) for Roughing (Minor) at 1:39, Zdeno Chara (PHI) for Roughing (Minor) at 6:46

3rd period

1. Philadelphia Flyers , Wayne Simmonds 18 (Ryan McDonagh 18, Claude Giroux 47) at 12:32
2. Philadelphia Flyers , Jakub Voracek 29 (Claude Giroux 48) at 12:40
3. Philadelphia Flyers , Travis Konecny 16 (Sean Couturier 37) at 18:28

Penalties :
Brendan Gallagher (MTL) for Goalie Interference (Minor) at 6:59, Charles Hudon (MTL) for Charging (Minor) at 12:55

Goalie Stats

Carey Price (MTL), 18 saves from 21 shots - (0.857), L, 23-17-13, 60:00 minutes
Brian Elliott (PHI), 22 saves from 22 shots - (1.000), W, 3-6-0, 60:00 minutes

Players Stats for Montreal Canadiens

Player Name              G  A  P  +/- PIM S  H  SB GA TA FO     MP     PP MP  PK MP  
------------------------------------------------------------------------------------
Alexander Radulov        0  0  0   0  0   4  2  0  0  0  0/0    16:18   2:02   0:04 
Andrew Shaw              0  0  0  -3  0   1  1  1  1  0  4/9    14:38   1:44   0:00 
Anthony Beauvillier      0  0  0   0  0   1  1  0  0  0  4/13   14:57   1:59   0:00 
Artturi Lehkonen         0  0  0  -3  0   2  1  1  1  0  0/1    14:56   0:12   1:53 
Brendan Gallagher        0  0  0   0  2   2  1  0  0  0  0/0    15:39   1:44   0:00 
Charles Hudon            0  0  0  -3  2   2  1  1  1  1  0/1    13:18   0:15   0:00 
Chris Wagner             0  0  0   0  0   0  3  0  0  0  3/5    15:12   0:12   1:53 
David Desharnais         0  0  0   0  0   0  0  1  0  0  2/8    13:29   0:00   0:00 
Esa Lindell              0  0  0  -1  0   0  1  0  0  2  0/0    23:06   2:27   2:22 
Francois Beauchemin      0  0  0  -1  0   0  1  0  0  1  0/0    15:56   1:31   0:00 
Greg Pateryn             0  0  0  -1  0   0  1  0  0  0  0/0    19:38   0:00   1:36 
Max Pacioretty           0  0  0   0  0   2  2  0  1  0  0/0    17:07   2:02   2:01 
Mikhail Sergachev        0  0  0  -1  0   1  1  0  0  0  0/0    18:59   1:31   0:00 
Nick Ritchie             0  0  0   0  0   3  3  0  0  0  0/0    13:04   0:00   0:04 
P.K. Subban              0  0  0  -1  0   2  1  2  1  1  0/0    22:55   2:27   2:22 
Steven Kampfer           0  0  0  -1  0   0  1  0  0  0  0/0    17:15   0:00   1:36 
Tomas Plekanec           0  0  0   0  0   2  0  0  0  0  4/6    14:23   0:00   2:01 
Tomas Tatar              0  0  0   0  0   0  2  0  1  0  0/0    15:10   1:44   0:00 

Players Stats for Philadelphia Flyers

Player Name              G  A  P  +/- PIM S  H  SB GA TA FO     MP     PP MP  PK MP  
------------------------------------------------------------------------------------
Brandon Sutter           0  0  0   0  0   1  0  0  0  1  3/6    14:52   1:45   1:50 
Brenden Dillon           0  0  0   1  0   0  3  0  0  1  0/0    19:17   0:00   1:04 
Brian Gibbons            0  0  0   0  0   2  3  1  0  0  1/2    12:49   0:00   1:51 
Brian Gionta             0  0  0   0  0   0  0  1  0  0  0/0    12:38   0:05   0:24 
Brooks Orpik             0  0  0   1  0   0  4  0  0  1  0/0    18:57   0:00   0:47 
Claude Giroux            0  2  2   2  0   2  3  1  0  1  9/16   18:41   2:09   0:30 
Daniel Winnik            0  0  0   0  0   0  2  0  0  0  0/1    13:30   0:04   1:42 
Ivan Provorov            0  0  0   0  0   0  1  3  0  0  0/0    20:51   2:06   2:01 
Jakub Voracek            1  0  1   2  2   2  1  0  0  1  1/1    17:49   2:08   0:00 
Jared Spurgeon           0  0  0   2  0   2  0  1  1  0  0/0    20:08   1:52   1:33 
Jordan Weal              0  0  0   0  0   0  2  0  0  0  0/0    10:46   0:00   0:00 
Nolan Patrick            0  0  0   0  0   1  2  0  0  0  0/1    10:47   0:00   0:00 
Pavel Buchnevich         0  0  0   1  0   0  2  0  3  0  1/1    14:06   0:00   0:00 
Ryan McDonagh            0  1  1   2  0   1  0  2  0  0  0/0    20:02   1:52   1:10 
Sean Couturier           0  1  1   1  0   5  3  0  0  0  10/13  18:17   2:13   2:03 
Travis Konecny           1  0  1   1  0   2  2  0  0  0  0/0    15:30   1:45   0:00 
Wayne Simmonds           1  0  1   2  0   2  0  0  1  0  1/2    16:54   1:45   0:00 
Zdeno Chara              0  0  0   0  2   1  1  3  0  1  0/0    20:06   2:06   0:57 

3 Stars

1 - Brian Elliott (PHI)
2 - Claude Giroux (PHI)
3 - Wayne Simmonds (PHI)

Power Play

Montreal Canadiens - 0 on 2 Attempt(s) - 0.00%
Philadelphia Flyers - 0 on 2 Attempt(s) - 0.00%

Penalty Kill

Montreal Canadiens - 2 on 2 Attempt(s) - 100.00% - Score 0 goal in Penalty Kill
Philadelphia Flyers - 2 on 2 Attempt(s) - 100.00% - Score 0 goal in Penalty Kill

Team Stat

Montreal Canadiens - Hits : 23 - Faceoff Wins : 17 - Blocked Shots : 6 - Penalty Minutes : 4
Philadelphia Flyers - Hits : 29 - Faceoff Wins : 26 - Blocked Shots : 12 - Penalty Minutes : 4

Official

Referees : Trevor Hanson and Kevin Pollock
Linesman : Brian Mach and Mark Wheler

Game Notes

No Game Note

Finance

Level 1 -- Attendance: 9187 (89.19%) -- Ticket Income fr. 734'960
Level 2 -- Attendance: 1618 (77.05%) -- Ticket Income fr. 105'170
Level 3 -- Attendance: 2851 (79.19%) -- Ticket Income fr. 99'785
Level 4 -- Attendance: 1304 (89.93%) -- Ticket Income fr. 26'080
Luxury Box -- Attendance: 48 (96.00%) -- Ticket Income fr. 9'600
Game was played at the Wells Fargo Center.
Total Attendance: 15008 (85.76%)
Total Ticket Income: fr. 975'595
Total Income: fr. 975'595

Montreal Canadiens

5 vs 5 Forward 
   Center                   Left Wing                Right Wing               Time % Phy DF OF 
 1 Anthony Beauvillier      Max Pacioretty           Alexander Radulov        25     1   2  2  
 2 David Desharnais         Tomas Tatar              Brendan Gallagher        25     1   2  2  
 3 Andrew Shaw              Charles Hudon            Artturi Lehkonen         25     1   2  2  
 4 Tomas Plekanec           Nick Ritchie             Chris Wagner             25     1   2  2  

5 vs 5 Defense 
   Defense                  Defense                                           Time % Phy DF OF 
 1 Esa Lindell              P.K. Subban                                       35     1   2  2  
 2 Mikhail Sergachev        Greg Pateryn                                      35     1   2  2  
 3 Francois Beauchemin      Steven Kampfer                                    30     1   2  2  
 4 Esa Lindell              P.K. Subban                                       0      1   2  2  

PowerPlay Forward 
   Center                   Left Wing                Right Wing               Time % Phy DF OF 
 1 Anthony Beauvillier      Max Pacioretty           Alexander Radulov        50     1   1  3  
 2 Andrew Shaw              Tomas Tatar              Brendan Gallagher        50     1   1  3  

PowerPlay Defense
   Defense                  Defense                                           Time % Phy DF OF 
 1 Esa Lindell              P.K. Subban                                       50     1   1  3  
 2 Mikhail Sergachev        Francois Beauchemin                               50     1   1  3  

Penalty Kill 4 Players Forward 
   Center                   Wing                     Time % Phy DF OF 
 1 Tomas Plekanec           Max Pacioretty           50     1   3  1  
 2 Chris Wagner             Artturi Lehkonen         50     1   3  1  

Penalty Kill 4 Players Defense
   Defense                  Defense                  Time % Phy DF OF 
 1 Esa Lindell              P.K. Subban              50     1   3  1  
 2 Greg Pateryn             Steven Kampfer           50     1   3  1  

Penalty Kill - 3 Players Forward 
   Forward                                           Time % Phy DF OF 
 1 Tomas Plekanec                                    50     1   3  1  
 2 Chris Wagner                                      50     1   3  1  

Penalty Kill - 3 Players Defense
   Defense                  Defense                  Time % Phy DF OF 
 1 Esa Lindell              P.K. Subban              50     1   3  1  
 2 Greg Pateryn             Steven Kampfer           50     1   3  1  

4 vs 4 Forward 
   Center                   Wing                     Time % Phy DF OF 
 1 Andrew Shaw              Max Pacioretty           50     1   2  2  
 2 Anthony Beauvillier      Alexander Radulov        50     1   2  2  

4 vs 4 Defense
   Defense                  Defense                  Time % Phy DF OF 
 1 Esa Lindell              P.K. Subban              50     1   2  2  
 2 Mikhail Sergachev        Greg Pateryn             50     1   2  2  

Last Minutes Offensive
   Center                   Left Wing                Right Wing               Defense                  Defense                  
   Anthony Beauvillier      Brendan Gallagher        Alexander Radulov        Esa Lindell              P.K. Subban              

Last Minutes Defensive
   Center                   Left Wing                Right Wing               Defense                  Defense                  
   Tomas Plekanec           Max Pacioretty           Chris Wagner             Esa Lindell              P.K. Subban              

Goaltenders
Starting : Carey Price              
Backup : Antti Niemi              

Extra Forwards
Normal : Brendan Gallagher, Alexander Radulov, Tomas Tatar - PP : Charles Hudon, Artturi Lehkonen - PK : Alexander Radulov
Extra Defensemen
Normal : P.K. Subban, Esa Lindell, Mikhail Sergachev - PP : Francois Beauchemin - PK : P.K. Subban, Francois Beauchemin
Penalty Shots
Alexander Radulov, Tomas Tatar, Brendan Gallagher, Anthony Beauvillier, Max Pacioretty
Custom OT Lines Forwards
Anthony Beauvillier, Alexander Radulov, Brendan Gallagher, Max Pacioretty, Andrew Shaw, Tomas Tatar, Charles Hudon, Artturi Lehkonen, Tomas Plekanec, Chris Wagner
Custom OT Lines Defensemen
P.K. Subban, Esa Lindell, Mikhail Sergachev, Francois Beauchemin, Greg Pateryn

Scratches
Jeff Petry (Sprained Right Finger Injury), Nic Dowd (Healthy), Charlie Lindgren (Healthy)

Philadelphia Flyers

5 vs 5 Forward 
   Center                   Left Wing                Right Wing               Time % Phy DF OF 
 1 Claude Giroux            Jakub Voracek            Wayne Simmonds           32     0   2  3  
 2 Sean Couturier           Travis Konecny           Pavel Buchnevich         27     0   2  3  
 3 Brandon Sutter           Daniel Winnik            Jordan Weal              21     0   4  1  
 4 Nolan Patrick            Brian Gibbons            Brian Gionta             20     0   4  1  

5 vs 5 Defense 
   Defense                  Defense                                           Time % Phy DF OF 
 1 Zdeno Chara              Ivan Provorov                                     33     1   3  1  
 2 Ryan McDonagh            Jared Spurgeon                                    33     1   3  1  
 3 Brooks Orpik             Brenden Dillon                                    33     1   4  0  
 4 Zdeno Chara              Jared Spurgeon                                    1      1   4  0  

PowerPlay Forward 
   Center                   Left Wing                Right Wing               Time % Phy DF OF 
 1 Sean Couturier           Claude Giroux            Jakub Voracek            50     0   0  5  
 2 Brandon Sutter           Travis Konecny           Wayne Simmonds           50     0   0  5  

PowerPlay Defense
   Defense                  Defense                                           Time % Phy DF OF 
 1 Zdeno Chara              Ivan Provorov                                     50     0   0  5  
 2 Ryan McDonagh            Jared Spurgeon                                    50     0   0  5  

Penalty Kill 4 Players Forward 
   Center                   Wing                     Time % Phy DF OF 
 1 Brandon Sutter           Daniel Winnik            50     0   5  0  
 2 Sean Couturier           Brian Gibbons            50     0   5  0  

Penalty Kill 4 Players Defense
   Defense                  Defense                  Time % Phy DF OF 
 1 Zdeno Chara              Ivan Provorov            50     0   5  0  
 2 Ryan McDonagh            Jared Spurgeon           50     0   5  0  

Penalty Kill - 3 Players Forward 
   Forward                                           Time % Phy DF OF 
 1 Brandon Sutter                                    50     0   5  0  
 2 Sean Couturier                                    50     0   5  0  

Penalty Kill - 3 Players Defense
   Defense                  Defense                  Time % Phy DF OF 
 1 Ivan Provorov            Zdeno Chara              50     0   5  0  
 2 Ryan McDonagh            Jared Spurgeon           50     0   5  0  

4 vs 4 Forward 
   Center                   Wing                     Time % Phy DF OF 
 1 Brandon Sutter           Jakub Voracek            50     0   2  3  
 2 Sean Couturier           Pavel Buchnevich         50     0   2  3  

4 vs 4 Defense
   Defense                  Defense                  Time % Phy DF OF 
 1 Zdeno Chara              Ivan Provorov            50     0   2  3  
 2 Ryan McDonagh            Jared Spurgeon           50     0   2  3  

Last Minutes Offensive
   Center                   Left Wing                Right Wing               Defense                  Defense                  
   Claude Giroux            Jakub Voracek            Wayne Simmonds           Ivan Provorov            Ryan McDonagh            

Last Minutes Defensive
   Center                   Left Wing                Right Wing               Defense                  Defense                  
   Sean Couturier           Brian Gibbons            Brandon Sutter           Jared Spurgeon           Zdeno Chara              

Goaltenders
Starting : Brian Elliott            
Backup : Henrik Lundqvist         

Extra Forwards
Normal : Claude Giroux, Sean Couturier, Brandon Sutter - PP : Claude Giroux, Jakub Voracek - PK : Brandon Sutter
Extra Defensemen
Normal : Zdeno Chara, Ivan Provorov, Ryan McDonagh - PP : Ivan Provorov - PK : Jared Spurgeon, Zdeno Chara
Penalty Shots
Claude Giroux, Jakub Voracek, Sean Couturier, Wayne Simmonds, Brandon Sutter
Custom OT Lines Forwards
Claude Giroux, Sean Couturier, Jakub Voracek, Nolan Patrick, Travis Konecny, Wayne Simmonds, Brandon Sutter, Pavel Buchnevich, Daniel Winnik, Brian Gibbons
Custom OT Lines Defensemen
Zdeno Chara, Jared Spurgeon, Ivan Provorov, Ryan McDonagh, Brooks Orpik

Scratches
None


% Time on Ice - Montreal Canadiens

Lines # - Real PCT - Wanted PCT - Time Play
Normal Forward
1 - 26% - 25% - 13:22
2 - 26% - 25% - 13:39
3 - 24% - 25% - 12:38
4 - 24% - 25% - 12:25
Normal Defense
1 - 31% - 35% - 16:02
2 - 42% - 35% - 21:43
3 - 27% - 30% - 13:59
4 - 1% - 0% - 0:20
PP Forward
1 - 51% - 50% - 2:02
2 - 49% - 50% - 1:56
PP Defense
1 - 62% - 50% - 2:27
2 - 38% - 50% - 1:31
PK Forward
1 - 53% - 50% - 2:05
2 - 47% - 50% - 1:53
PK Defense
1 - 60% - 50% - 2:22
2 - 40% - 50% - 1:36
PK3 Forward
1 - 0% - 50%
2 - 0% - 50%
PK3 Defense
1 - 0% - 50%
2 - 0% - 50%
44 Forward
1 - 0% - 50%
2 - 0% - 50%
44 Defense
1 - 0% - 50%
2 - 0% - 50%
Last Minute Offensive  - 0:00
Last Minute Defensive  - 0:00
Total
Forward - 60:00
Defense - 60:00

% Time on Ice - Philadelphia Flyers

Lines # - Real PCT - Wanted PCT - Time Play
Normal Forward
1 - 30% - 32% - 15:25
2 - 30% - 27% - 15:49
3 - 19% - 21% - 10:03
4 - 21% - 20% - 10:47
Normal Defense
1 - 33% - 33% - 17:04
2 - 33% - 33% - 17:09
3 - 34% - 33% - 17:51
4 - 0% - 1% - 0:00
PP Forward
1 - 56% - 50% - 2:13
2 - 44% - 50% - 1:45
PP Defense
1 - 53% - 50% - 2:06
2 - 47% - 50% - 1:52
PK Forward
1 - 43% - 50% - 1:42
2 - 57% - 50% - 2:16
PK Defense
1 - 74% - 50% - 2:56
2 - 26% - 50% - 1:02
PK3 Forward
1 - 0% - 50%
2 - 0% - 50%
PK3 Defense
1 - 0% - 50%
2 - 0% - 50%
44 Forward
1 - 0% - 50%
2 - 0% - 50%
44 Defense
1 - 0% - 50%
2 - 0% - 50%
Last Minute Offensive  - 0:00
Last Minute Defensive  - 0:00
Total
Forward - 60:00
Defense - 60:00

Play-by-Play

1st period


0:01 of 1st period - Claude Giroux wins face-off versus Anthony Beauvillier in neutral zone.
0:06 of 1st period - Anthony Beauvillier is hit by Claude Giroux and loses puck.
1:09 of 1st period - Jared Spurgeon is hit by Nick Ritchie and loses puck.
1:14 of 1st period - Slapshot by P.K. Subban.
1:14 of 1st period - Shot Blocked by Ryan McDonagh.
1:16 of 1st period - Slapshot by P.K. Subban.
1:16 of 1st period - Stopped by Brian Elliott with a rebound.
1:18 of 1st period - Snap shot by P.K. Subban.
1:18 of 1st period - Stopped by Brian Elliott without a rebound.
1:19 of 1st period - Claude Giroux wins face-off versus Anthony Beauvillier in Philadelphia Flyers zone.
1:19 of 1st period - Claude Giroux is hit by Max Pacioretty.
1:31 of 1st period - Off-side.
1:32 of 1st period - Sean Couturier wins face-off versus Tomas Plekanec in neutral zone.
1:35 of 1st period - Mikhail Sergachev is hit by Brooks Orpik and loses puck.
2:23 of 1st period - Snap shot by Brendan Gallagher.
2:23 of 1st period - Shot Blocked by Brian Gibbons.
2:25 of 1st period - Snap shot by David Desharnais.
2:25 of 1st period - Shot Blocked by Brian Gionta.
2:39 of 1st period - Slapshot by Jared Spurgeon.
2:39 of 1st period - Stopped by Carey Price without a rebound.
2:40 of 1st period - Wayne Simmonds wins face-off versus Anthony Beauvillier in Montreal Canadiens zone.
3:05 of 1st period - Chris Wagner is hit by Travis Konecny and loses puck.
3:32 of 1st period - Snap shot by Brian Gibbons.
3:32 of 1st period - Stopped by Carey Price with a rebound.
3:50 of 1st period - Wrist shot by Andrew Shaw.
3:50 of 1st period - Stopped by Brian Elliott without a rebound.
3:51 of 1st period - Andrew Shaw wins face-off versus Brandon Sutter in Philadelphia Flyers zone.
4:10 of 1st period - Slapshot by Brandon Sutter.
4:10 of 1st period - Shot Misses the Net.
4:12 of 1st period - Slapshot by Zdeno Chara.
4:12 of 1st period - Deflect By Artturi Lehkonen.
4:12 of 1st period - Stopped by Carey Price with a rebound.
4:14 of 1st period - Slapshot by Jared Spurgeon.
4:14 of 1st period - Shot Misses the Net.
4:16 of 1st period - Slapshot by Ryan McDonagh.
4:16 of 1st period - Deflect By Artturi Lehkonen.
4:16 of 1st period - Stopped by Carey Price without a rebound.
4:17 of 1st period - Claude Giroux wins face-off versus Tomas Plekanec in Montreal Canadiens zone.
4:26 of 1st period - Snap shot by Claude Giroux.
4:26 of 1st period - Stopped by Carey Price with a rebound.
4:44 of 1st period - Slapshot by Travis Konecny.
4:44 of 1st period - Shot Misses the Net.
6:11 of 1st period - Icing by Esa Lindell.
6:12 of 1st period - Jakub Voracek wins face-off versus Anthony Beauvillier in Montreal Canadiens zone.
7:19 of 1st period - Snap shot by Artturi Lehkonen.
7:19 of 1st period - Stopped by Brian Elliott without a rebound.
7:20 of 1st period - Andrew Shaw wins face-off versus Claude Giroux in Philadelphia Flyers zone.
7:41 of 1st period - Wrist shot by Jakub Voracek.
7:41 of 1st period - Stopped by Carey Price without a rebound.
7:42 of 1st period - Sean Couturier wins face-off versus David Desharnais in Montreal Canadiens zone.
8:07 of 1st period - Zdeno Chara is hit by Chris Wagner and loses puck.
8:12 of 1st period - Wrist shot by Nick Ritchie.
8:12 of 1st period - Stopped by Brian Elliott without a rebound.
8:13 of 1st period - Tomas Plekanec wins face-off versus Claude Giroux in Philadelphia Flyers zone.
9:20 of 1st period - Snap shot by Artturi Lehkonen.
9:20 of 1st period - Stopped by Brian Elliott with a rebound.
9:23 of 1st period - Icing by Jared Spurgeon.
9:24 of 1st period - Tomas Plekanec wins face-off versus Brandon Sutter in Philadelphia Flyers zone.
10:02 of 1st period - Snap shot by Claude Giroux.
10:02 of 1st period - Shot Misses the Net.
10:18 of 1st period - Steven Kampfer is hit by Brooks Orpik.
10:22 of 1st period - Slapshot by Brian Gibbons.
10:22 of 1st period - Stopped by Carey Price with a rebound.
11:17 of 1st period - Wrist shot by Anthony Beauvillier.
11:17 of 1st period - Stopped by Brian Elliott with a rebound.
11:31 of 1st period - Max Pacioretty is hit by Brian Gibbons and loses puck.
12:00 of 1st period - Wrist shot by Alexander Radulov.
12:00 of 1st period - Shot Misses the Net.
12:04 of 1st period - Snap shot by Alexander Radulov.
12:04 of 1st period - Stopped by Brian Elliott with a rebound.
12:06 of 1st period - Snap shot by Anthony Beauvillier.
12:06 of 1st period - Shot Blocked by Ivan Provorov.
12:10 of 1st period - Snap shot by Max Pacioretty.
12:10 of 1st period - Stopped by Brian Elliott without a rebound.
12:11 of 1st period - Sean Couturier wins face-off versus Andrew Shaw in Philadelphia Flyers zone.
12:14 of 1st period - Snap shot by Andrew Shaw.
12:14 of 1st period - Shot Hit the Post.
12:59 of 1st period - P.K. Subban is hit by Jordan Weal and loses puck.
14:34 of 1st period - Nick Ritchie is hit by Travis Konecny and loses puck.
16:18 of 1st period - Icing by Nolan Patrick.
16:19 of 1st period - Tomas Plekanec wins face-off versus Brian Gibbons in Philadelphia Flyers zone.
16:28 of 1st period - Charles Hudon is hit by Jakub Voracek and loses puck.
17:44 of 1st period - Snap shot by Tomas Plekanec.
17:44 of 1st period - Stopped by Brian Elliott with a rebound.
18:28 of 1st period - Snap shot by Sean Couturier.
18:28 of 1st period - Shot Misses the Net.
18:57 of 1st period - Artturi Lehkonen is hit by Daniel Winnik and loses puck.
19:10 of 1st period - Snap shot by Alexander Radulov.
19:10 of 1st period - Stopped by Brian Elliott without a rebound.
19:11 of 1st period - Anthony Beauvillier wins face-off versus Wayne Simmonds in Philadelphia Flyers zone.
19:12 of 1st period - Snap shot by Max Pacioretty.
19:12 of 1st period - Shot Blocked by Claude Giroux.
19:36 of 1st period - Jared Spurgeon is hit by Tomas Tatar.
19:56 of 1st period - Slapshot by Francois Beauchemin.
19:56 of 1st period - Shot Blocked by Ivan Provorov.
Goals for this period are 0 for Montreal Canadiens vs 0 for Philadelphia Flyers.
Shots for this period are 11 for Montreal Canadiens vs 7 for Philadelphia Flyers.

2nd period


0:01 of 2nd period - Claude Giroux wins face-off versus David Desharnais in neutral zone.
0:01 of 2nd period - Claude Giroux is hit by Brendan Gallagher.
0:06 of 2nd period - Off-side.
0:07 of 2nd period - Claude Giroux wins face-off versus David Desharnais in neutral zone.
0:12 of 2nd period - P.K. Subban is hit by Brenden Dillon and loses puck.
0:33 of 2nd period - Pavel Buchnevich is hit by Andrew Shaw and loses puck.
0:54 of 2nd period - Snap shot by Brandon Sutter.
0:54 of 2nd period - Stopped by Carey Price with a rebound.
1:39 of 2nd period - Minor Penalty to Jakub Voracek for Roughing.
1:40 of 2nd period - Brandon Sutter wins face-off versus Anthony Beauvillier in Philadelphia Flyers zone.
1:55 of 2nd period - Icing by Max Pacioretty.
1:56 of 2nd period - Sean Couturier wins face-off versus Anthony Beauvillier in Montreal Canadiens zone.
3:32 of 2nd period - P.K. Subban is hit by Sean Couturier and loses puck.
3:39 of 2nd period - Penalty to Jakub Voracek is over, Jakub Voracek is back on ice.
4:01 of 2nd period - Wayne Simmonds is hit by Nick Ritchie and loses puck.
4:12 of 2nd period - Esa Lindell is hit by Brenden Dillon and loses puck.
4:31 of 2nd period - Brooks Orpik is hit by Chris Wagner and loses puck.
4:44 of 2nd period - P.K. Subban is hit by Daniel Winnik and loses puck.
5:13 of 2nd period - Ryan McDonagh is hit by Charles Hudon and loses puck.
5:17 of 2nd period - Icing by Ryan McDonagh.
5:18 of 2nd period - Chris Wagner wins face-off versus Claude Giroux in Philadelphia Flyers zone.
5:19 of 2nd period - Slapshot by Charles Hudon.
5:19 of 2nd period - Stopped by Brian Elliott with a rebound.
5:21 of 2nd period - Snap shot by Steven Kampfer.
5:21 of 2nd period - Shot Blocked by Ryan McDonagh.
6:21 of 2nd period - Wrist shot by Brandon Sutter.
6:21 of 2nd period - Shot Misses the Net.
6:23 of 2nd period - Wrist shot by Jared Spurgeon.
6:23 of 2nd period - Shot Blocked by Charles Hudon.
6:25 of 2nd period - Snap shot by Sean Couturier.
6:25 of 2nd period - Stopped by Carey Price with a rebound.
6:27 of 2nd period - Wrist shot by Pavel Buchnevich.
6:27 of 2nd period - Shot Blocked by Andrew Shaw.
6:46 of 2nd period - Minor Penalty to Zdeno Chara for Roughing.
6:47 of 2nd period - Anthony Beauvillier wins face-off versus Sean Couturier in Philadelphia Flyers zone.
8:46 of 2nd period - Penalty to Zdeno Chara is over, Zdeno Chara is back on ice.
9:17 of 2nd period - Mikhail Sergachev is hit by Brenden Dillon and loses puck.
9:34 of 2nd period - Tomas Tatar is hit by Brooks Orpik and loses puck.
11:00 of 2nd period - Jordan Weal is hit by Steven Kampfer and loses puck.
11:11 of 2nd period - Sean Couturier is hit by Alexander Radulov and loses puck.
11:35 of 2nd period - Mikhail Sergachev is hit by Nolan Patrick and loses puck.
11:48 of 2nd period - Anthony Beauvillier is hit by Pavel Buchnevich.
12:14 of 2nd period - Brandon Sutter is hit by Artturi Lehkonen and loses puck.
12:31 of 2nd period - Nick Ritchie is hit by Brian Gibbons and loses puck.
13:08 of 2nd period - P.K. Subban is hit by Claude Giroux and loses puck.
13:27 of 2nd period - Ivan Provorov is hit by Nick Ritchie and loses puck.
13:53 of 2nd period - Snap shot by Nolan Patrick.
13:53 of 2nd period - Stopped by Carey Price without a rebound.
13:54 of 2nd period - Brian Gibbons wins face-off versus Anthony Beauvillier in Montreal Canadiens zone.
14:16 of 2nd period - Greg Pateryn is hit by Pavel Buchnevich and loses puck.
14:27 of 2nd period - Snap shot by Sean Couturier.
14:27 of 2nd period - Stopped by Carey Price without a rebound.
14:28 of 2nd period - Claude Giroux wins face-off versus Andrew Shaw in Montreal Canadiens zone.
14:43 of 2nd period - Snap shot by Claude Giroux.
14:43 of 2nd period - Shot Misses the Net.
14:53 of 2nd period - Charles Hudon is hit by Brooks Orpik and loses puck.
15:18 of 2nd period - Wrist shot by Brendan Gallagher.
15:18 of 2nd period - Stopped by Brian Elliott with a rebound.
15:20 of 2nd period - Slapshot by David Desharnais.
15:20 of 2nd period - Shot Misses the Net.
15:22 of 2nd period - Snap shot by Tomas Tatar.
15:22 of 2nd period - Shot Misses the Net.
15:24 of 2nd period - Wrist shot by David Desharnais.
15:24 of 2nd period - Shot Misses the Net.
15:36 of 2nd period - Snap shot by Brian Gionta.
15:36 of 2nd period - Shot Misses the Net.
15:56 of 2nd period - Wrist shot by Claude Giroux.
15:56 of 2nd period - Shot Misses the Net.
16:06 of 2nd period - Off-side.
16:07 of 2nd period - Pavel Buchnevich wins face-off versus David Desharnais in neutral zone.
16:07 of 2nd period - Pavel Buchnevich is hit by Mikhail Sergachev.
16:15 of 2nd period - Snap shot by Sean Couturier.
16:15 of 2nd period - Shot Misses the Net.
16:19 of 2nd period - Snap shot by Sean Couturier.
16:19 of 2nd period - Shot Blocked by David Desharnais.
16:21 of 2nd period - Snap shot by Sean Couturier.
16:21 of 2nd period - Stopped by Carey Price without a rebound.
16:22 of 2nd period - Anthony Beauvillier wins face-off versus Claude Giroux in Montreal Canadiens zone.
16:35 of 2nd period - Snap shot by Max Pacioretty.
16:35 of 2nd period - Stopped by Brian Elliott without a rebound.
16:36 of 2nd period - Sean Couturier wins face-off versus David Desharnais in Philadelphia Flyers zone.
17:12 of 2nd period - Wrist shot by Claude Giroux.
17:12 of 2nd period - Shot Blocked by P.K. Subban.
18:07 of 2nd period - Tomas Tatar is hit by Claude Giroux and loses puck.
18:34 of 2nd period - Wrist shot by Charles Hudon.
18:34 of 2nd period - Shot Blocked by Zdeno Chara.
18:56 of 2nd period - Daniel Winnik is hit by Chris Wagner and loses puck.
19:29 of 2nd period - Max Pacioretty is hit by Brian Gibbons and loses puck.
19:40 of 2nd period - Brian Gionta is hit by P.K. Subban and loses puck.
Goals for this period are 0 for Montreal Canadiens vs 0 for Philadelphia Flyers.
Shots for this period are 3 for Montreal Canadiens vs 5 for Philadelphia Flyers.

3rd period


0:01 of 3rd period - Claude Giroux wins face-off versus David Desharnais in neutral zone.
0:24 of 3rd period - Jakub Voracek is hit by Max Pacioretty and loses puck.
0:35 of 3rd period - Slapshot by Brooks Orpik.
0:35 of 3rd period - Shot Misses the Net.
0:51 of 3rd period - Wrist shot by Claude Giroux.
0:51 of 3rd period - Shot Misses the Net.
1:39 of 3rd period - Icing by Mikhail Sergachev.
1:40 of 3rd period - David Desharnais wins face-off versus Nolan Patrick in Montreal Canadiens zone.
1:59 of 3rd period - Wrist shot by Brendan Gallagher.
1:59 of 3rd period - Stopped by Brian Elliott without a rebound.
2:00 of 3rd period - Sean Couturier wins face-off versus Andrew Shaw in Philadelphia Flyers zone.
2:54 of 3rd period - Snap shot by David Desharnais.
2:54 of 3rd period - Shot Misses the Net.
3:08 of 3rd period - Snap shot by Nick Ritchie.
3:08 of 3rd period - Stopped by Brian Elliott with a rebound.
3:10 of 3rd period - Slapshot by Nick Ritchie.
3:10 of 3rd period - Shot Misses the Net.
3:12 of 3rd period - Snap shot by P.K. Subban.
3:12 of 3rd period - Shot Blocked by Ivan Provorov.
3:24 of 3rd period - Snap shot by Charles Hudon.
3:24 of 3rd period - Shot Blocked by Zdeno Chara.
3:28 of 3rd period - Snap shot by Charles Hudon.
3:28 of 3rd period - Shot Misses the Net.
3:30 of 3rd period - Slapshot by Charles Hudon.
3:30 of 3rd period - Stopped by Brian Elliott without a rebound.
3:31 of 3rd period - David Desharnais wins face-off versus Claude Giroux in Philadelphia Flyers zone.
3:40 of 3rd period - Slapshot by Brendan Gallagher.
3:40 of 3rd period - Shot Misses the Net.
3:45 of 3rd period - Off-side.
3:46 of 3rd period - Sean Couturier wins face-off versus Anthony Beauvillier in neutral zone.
4:01 of 3rd period - Snap shot by Sean Couturier.
4:01 of 3rd period - Shot Misses the Net.
4:54 of 3rd period - Nick Ritchie is hit by Nolan Patrick.
6:13 of 3rd period - Wrist shot by Nick Ritchie.
6:13 of 3rd period - Deflect By Tomas Plekanec.
6:13 of 3rd period - Stopped by Brian Elliott with a rebound.
6:48 of 3rd period - Zdeno Chara is hit by Greg Pateryn.
6:59 of 3rd period - Minor Penalty to Brendan Gallagher for Goalie Interference.
7:00 of 3rd period - Tomas Plekanec wins face-off versus Sean Couturier in Montreal Canadiens zone.
7:00 of 3rd period - Tomas Plekanec is hit by Sean Couturier.
7:14 of 3rd period - Snap shot by Claude Giroux.
7:14 of 3rd period - Shot Misses the Net.
7:16 of 3rd period - Snap shot by Sean Couturier.
7:16 of 3rd period - Stopped by Carey Price without a rebound.
7:17 of 3rd period - Chris Wagner wins face-off versus Brandon Sutter in Montreal Canadiens zone.
7:50 of 3rd period - Wrist shot by Sean Couturier.
7:50 of 3rd period - Deflect By Claude Giroux.
7:50 of 3rd period - Stopped by Carey Price with a rebound.
7:52 of 3rd period - Slapshot by Jared Spurgeon.
7:52 of 3rd period - Deflect By P.K. Subban.
7:52 of 3rd period - Stopped by Carey Price without a rebound.
7:53 of 3rd period - Chris Wagner wins face-off versus Sean Couturier in Montreal Canadiens zone.
8:15 of 3rd period - Chris Wagner is hit by Sean Couturier and loses puck.
8:29 of 3rd period - Off-side.
8:30 of 3rd period - Brandon Sutter wins face-off versus Chris Wagner in neutral zone.
8:59 of 3rd period - Penalty to Brendan Gallagher is over, Brendan Gallagher is back on ice.
9:27 of 3rd period - P.K. Subban is hit by Jordan Weal and loses puck.
10:59 of 3rd period - Snap shot by Travis Konecny.
10:59 of 3rd period - Stopped by Carey Price without a rebound.
11:00 of 3rd period - Sean Couturier wins face-off versus Charles Hudon in Montreal Canadiens zone.
11:36 of 3rd period - Pavel Buchnevich is hit by Alexander Radulov and loses puck.
11:57 of 3rd period - Zdeno Chara is hit by Tomas Tatar and loses puck.
12:15 of 3rd period - Slapshot by Steven Kampfer.
12:15 of 3rd period - Shot Blocked by Zdeno Chara.
12:17 of 3rd period - Slapshot by Mikhail Sergachev.
12:17 of 3rd period - Stopped by Brian Elliott without a rebound.
12:18 of 3rd period - Claude Giroux wins face-off versus Artturi Lehkonen in Philadelphia Flyers zone.
12:28 of 3rd period - Backhand shot by Ryan McDonagh.
12:28 of 3rd period - Shot Misses the Net.
12:30 of 3rd period - Wrist shot by Wayne Simmonds.
12:30 of 3rd period - Stopped by Carey Price with a rebound.
12:32 of 3rd period - Snap shot by Wayne Simmonds.
12:32 of 3rd period - Goal by Wayne Simmonds - Montreal Canadiens : 0 - Philadelphia Flyers : 1.
12:33 of 3rd period - Claude Giroux wins face-off versus Andrew Shaw in neutral zone.
12:38 of 3rd period - Wrist shot by Claude Giroux.
12:38 of 3rd period - Shot Blocked by Artturi Lehkonen.
12:40 of 3rd period - Snap shot by Jakub Voracek.
12:40 of 3rd period - Goal by Jakub Voracek - Montreal Canadiens : 0 - Philadelphia Flyers : 2.
12:41 of 3rd period - Andrew Shaw wins face-off versus Claude Giroux in neutral zone.
12:55 of 3rd period - Minor Penalty to Charles Hudon for Charging.
12:56 of 3rd period - Brandon Sutter wins face-off versus Chris Wagner in Montreal Canadiens zone.
14:35 of 3rd period - P.K. Subban is hit by Ivan Provorov and loses puck.
14:55 of 3rd period - Penalty to Charles Hudon is over, Charles Hudon is back on ice.
15:22 of 3rd period - Slapshot by Alexander Radulov.
15:22 of 3rd period - Stopped by Brian Elliott with a rebound.
16:21 of 3rd period - Wayne Simmonds is hit by Anthony Beauvillier and loses puck.
16:58 of 3rd period - Snap shot by Tomas Plekanec.
16:58 of 3rd period - Shot Blocked by Jared Spurgeon.
17:00 of 3rd period - Slapshot by Nick Ritchie.
17:00 of 3rd period - Stopped by Brian Elliott with a rebound.
18:15 of 3rd period - Icing by P.K. Subban.
18:16 of 3rd period - Anthony Beauvillier wins face-off versus Daniel Winnik in Montreal Canadiens zone.
18:20 of 3rd period - Off-side.
18:21 of 3rd period - Sean Couturier wins face-off versus Anthony Beauvillier in neutral zone.
18:26 of 3rd period - Wrist shot by Sean Couturier.
18:26 of 3rd period - Stopped by Carey Price without a rebound.
18:27 of 3rd period - Sean Couturier wins face-off versus Andrew Shaw in Montreal Canadiens zone.
18:28 of 3rd period - Slapshot by Travis Konecny.
18:28 of 3rd period - Goal by Travis Konecny - Montreal Canadiens : 0 - Philadelphia Flyers : 3.
18:29 of 3rd period - Andrew Shaw wins face-off versus Claude Giroux in neutral zone.
18:33 of 3rd period - P.K. Subban is hit by Zdeno Chara and loses puck.
18:44 of 3rd period - Slapshot by Wayne Simmonds.
18:44 of 3rd period - Shot Blocked by P.K. Subban.
18:54 of 3rd period - Brandon Sutter is hit by Esa Lindell and loses puck.
19:13 of 3rd period - Snap shot by Alexander Radulov.
19:13 of 3rd period - Stopped by Brian Elliott with a rebound.
19:38 of 3rd period - Brenden Dillon is hit by Francois Beauchemin and loses puck.
19:51 of 3rd period - Wrist shot by Artturi Lehkonen.
19:51 of 3rd period - Shot Misses the Net.
19:53 of 3rd period - Slapshot by Mikhail Sergachev.
19:53 of 3rd period - Shot Misses the Net.
Goals for this period are 0 for Montreal Canadiens vs 3 for Philadelphia Flyers.
Shots for this period are 8 for Montreal Canadiens vs 9 for Philadelphia Flyers.